 Dungeon Crawl Stone Soup version 0.30-a0-956-gcec3b41aec (webtiles) character file.

Game seed: 4567553564000458978

137 vishdafish the Conjurer (level 5, 35/35 HPs)
             Began as a Demonspawn Conjurer on Mar 30, 2023.
             Quit the game on level 3 of the Dungeon.
             The game lasted 00:02:41 (2204 turns).

vishdafish the Conjurer (Demonspawn Conjurer)       Turns: 2204, Time: 00:02:42

Health: 35/35      AC:  7    Str:  7    XL:     5   Next: 0%
Magic:  9/10       EV: 12    Int: 22    God:
Gold:   49         SH:  0    Dex: 11    Spells: 2/11 levels left

rFire   . . .      SeeInvis .    h - +2 demon whip (drain)
rCold   . . .      Faith    .    (no shield)
rNeg    . . .      Spirit   .    a - +0 robe
rPois   .          Reflect  .    (no helmet)
rElec   .          Rampage  .    i - +0 cloak
rCorr   .                        j - +0 pair of gloves
Will    .....                    (no boots)
Stlth   ++                       (no amulet)
HPRegen 0.25/turn                (no ring)
MPRegen 0.12/turn                (no ring)

@: no status effects
A: yellow scales 2, ignite blood 1
a: no special abilities


You were on level 3 of the Dungeon.
You visited 1 branch of the dungeon, and saw 3 of its levels.

You collected 49 gold pieces.

Inventory:

Hand Weapons
 c - a +0 dagger
 h - a +2 demon whip of draining (weapon)
Armour
 a - a +0 robe (worn)
 i - a +0 cloak (worn)
 j - a +0 pair of gloves (worn)
Scrolls
 d - a scroll of identify
 e - a scroll of enchant armour
 f - 3 scrolls of poison {unknown}
 g - a scroll of teleportation {unknown}
 m - a scroll of fear {unknown}
 n - a scroll of fog {unknown}
 o - 2 scrolls of immolation {unknown}
Potions
 b - a potion of magic
 k - a potion of attraction
 l - a potion of lignification {unknown}


   Skills:
 - Level 1.7 Dodging
 - Level 1.7 Stealth
 + Level 3.6 Spellcasting
 + Level 5.3 Conjurations


You had 2 spell levels left.
You knew the following spells:

 Your Spells              Type           Power      Damage    Failure   Level
a - Magic Dart            Conj           100%       1d8       1%          1
b - Fulminant Prism       Conj/Hex       7%         3d7       36%         4
c - Iskenderun's Mystic   Conj/Tloc      15%        2d5       36%         4

Your spell library contained the following spells:

 Spells                   Type           Power      Damage    Failure   Level
 Searing Ray              Conj           54%        2d6       1%          2
 Dazzling Flash           Conj/Hex       30%        N/A       12%         3


Dungeon Overview and Level Annotations

Branches:
Dungeon (3/15)

Altars:

Annotations:
D:2 1 runed translucent door, Crazy Yiuf


Innate Abilities, Weirdness & Mutations

You are mostly covered in yellow scales. (AC +3)
Your demonic aura sometimes causes spilled blood to erupt in flames.


Message History

There is a stone staircase leading up here.
A rat comes into view.
A rat is nearby!
The magic dart hits the rat!
You kill the rat!
You can't see any susceptible monsters within range! (Use Z to cast anyway.)
You can't see any susceptible monsters within range! (Use Z to cast anyway.) Magic restored.
Found a stone staircase leading down.
You see here a rat corpse.
An adder comes into view.
An adder is nearby!
The magic dart hits the adder.
The adder is lightly wounded.
The adder hisses angrily.
The magic dart hits the adder.
The adder is severely wounded.
The magic dart hits the adder!
You kill the adder!
You can't see any susceptible monsters within range! (Use Z to cast anyway.) This spell is astonishingly dangerous to cast!
Memorise Fulminant Prism, consuming 4 spell levels and leaving 5?
You start memorising the spell.
You continue memorising. x4
You finish memorising.
Spell assigned to 'b'.
This spell is astonishingly dangerous to cast!
Memorise Iskenderun's Mystic Blast, consuming 4 spell levels and leaving 1?
You start memorising the spell.
You continue memorising. x4
You finish memorising.
Spell assigned to 'c'.
The magic dart hits the hobgoblin.
The hobgoblin is moderately wounded.
The hobgoblin shouts!
The magic dart hits the hobgoblin.
You kill the hobgoblin!
You have reached level 5!
Your demonic ancestry asserts itself...
Your blood heats up.
You hear the slow rusting of a very distant drain.
A frilled lizard comes into view.
A frilled lizard is nearby!
Are you sure you want to abandon this character and quit the game? (Confirm with "yes".)

.....l.....
..........
........ ......
.# ....###...
...>...#.
##†.#.....
##.@...#
##......#
#.†....##
#.#....# #.#....#
###.#....#
#...#....########
................
####....########


You could see a frilled lizard (wandering).

Vanquished Creatures
  4 gnolls (D:2)
  3 adders
  A dart slug (D:1)
  3 endoplasms
  4 giant cockroaches
  6 goblins
  9 hobgoblins
  7 jackals (D:2)
  2 quokkas
  9 ball pythons
  9 bats
  2 frilled lizards
  4 kobolds
  4 rats
67 creatures vanquished.

Notes
Turn   | Place    | Note
-------+----------+-------------------------------------------
     0 | D:1      | vishdafish the Demonspawn Conjurer began the quest for the
                  | Orb.
     0 | D:1      | Reached XP level 1. HP: 13/13 MP: 3/3
   122 | D:1      | Gained mutation: You are partially covered in yellow
                  | scales. (AC +2) [demonic ancestry]
   122 | D:1      | Reached XP level 2. HP: 19/19 MP: 3/5
   578 | D:1      | Reached XP level 3. HP: 22/24 MP: 7/7
  1375 | D:2      | Identified the +2 buckler of Loss {Str+2 Stlth+}
  1410 | D:2      | Gained mutation: You are mostly covered in yellow scales.
                  | (AC +3) [demonic ancestry]
  1410 | D:2      | Reached XP level 4. HP: 14/30 MP: 1/8
  1414 | D:2      | Reached skill level 5 in Conjurations
  1863 | D:2      | Found a runed translucent door.
  1864 | D:2      | Noticed Crazy Yiuf
  2166 | D:3      | Learned a level 4 spell: Fulminant Prism
  2171 | D:3      | Learned a level 4 spell: Iskenderun's Mystic Blast
  2173 | D:3      | Gained mutation: Your demonic aura sometimes causes spilled
                  | blood to erupt in flames. [demonic ancestry]
  2173 | D:3      | Reached XP level 5. HP: 35/35 MP: 5/10
  2204 | D:3      | Quit the game

Illustrated notes

Levels and vault maps discovered:
D:1:      tarquinn_simple_flora_water_c, layout_basic
D:2:      layout_rooms, uniq_crazy_yiuf_cottage
D:3:      layout_rooms, serial_glass, glass_columns_a, glass_columns_a,
          portal_sewer_entry_f

Skill      XL: |  1  2  3  4 |
---------------+-------------+-----
Spellcasting   | 3 |  3.6
Conjurations   | 5 |  5.3
Dodging        | |  1.7
Stealth        | |  1.7

Action                     |  1- 3 |  4- 6 || total
---------------------------+-------+-------++-------
  Melee: Dagger            |     7 |       ||     7
         Demon whip        |    25 |    14 ||    39
         Punch             |       |     1 ||     1
   Cast: Magic Dart        |    63 |    34 ||    97
    Use: Scroll            |     2 |       ||     2
 Armour: Robe              |    11 |     6 ||    17
  Dodge: Dodged            |    38 |    19 ||    57

Table legend: (Time is in decaauts)
 A = Elapsed time spent in this place.
 B = Non-inter-level travel time spent in this place.
 C = Inter-level travel time spent in this place.
 D = Time resting spent in this place.
 E = Time spent auto-exploring this place.
 F = Levels seen in this place.
 G = Mean time per level.
                   A        B        C        D        E       F      G
               +--------+--------+--------+--------+--------+-----+--------+
         Total |   2206 |   2000 |    206 |      0 |   1708 |   3 |  735.3 |
       Dungeon |   2206 |   2000 |    206 |      0 |   1708 |   3 |  735.3 |
               +--------+--------+--------+--------+--------+-----+--------+

Top non-repeatable levels by time:
     D:1: 1223 daAuts
     D:2: 915 daAuts
     D:3: 67 daAuts
